3A
MT. VERNON BULLS @ MYRTLE BEACH SEAHAWKS
07/29/2021
 
TOP OF THE 1ST
Mt. Vernon Bulls batting - Pitching for Myrtle Beach Seahawks : RHP Pat Thompson
Pitching: RHP Pat Thompson
Batting: RHB Joseph Gray 0-0: Ball
1-0: Ground out 4-3 (Groundball, 4)
Batting: RHB Albert Delgado 0-0: Ball
1-0: Ball
2-0: Swinging Strike
2-1: Foul Ball, location: 2F
2-2: Strikes out swinging, 2-3 out at first.
Batting: LHB Yun Yen 0-0: Swinging Strike
0-1: Ball
1-1: Called Strike
1-2: Foul Ball, location: 2F
1-2: SINGLE (Groundball, 3D)
Batting: RHB Franklin Gestel 0-0: Called Strike
0-1: Ball
1-1: Ball
2-1: Foul Ball, location: 2F
2-2: Strikes out looking
Top of the 1st over - 0 run(s), 1 hit(s), 0 error(s), 1 left on base; Mt. Vernon 0 - Myrtle Beach 0
BOTTOM OF THE 1ST
Myrtle Beach Seahawks batting - Pitching for Mt. Vernon Bulls : RHP Pedro Poey
Pitching: RHP Pedro Poey
Batting: RHB Fernando Pérez 0-0: Foul Ball, location: 2F
0-1: Fly out, F8 (Flyball, 8LM)
Batting: RHB José Sosa 0-0: Foul Ball, location: 2F
0-1: Ball
1-1: Foul Ball, location: 2F
1-2: Ball
2-2: Strikes out swinging
Batting: LHB Jim Unknown 0-0: Ground out 4-3 (Groundball, 13)
Bottom of the 1st over - 0 run(s), 0 hit(s), 0 error(s), 0 left on base; Mt. Vernon 0 - Myrtle Beach 0
TOP OF THE 2ND
Mt. Vernon Bulls batting - Pitching for Myrtle Beach Seahawks : RHP Pat Thompson
Batting: LHB Enrique Sánchez 0-0: Called Strike
0-1: Foul Ball, location: 2F
0-2: Ball
1-2: Ball
2-2: Ball
3-2: Foul Ball, location: 2F
3-2: Foul Ball, location: 2F
3-2: Strikes out swinging
Batting: LHB Álex Ramírez 0-0: Ball
1-0: Ball
2-0: Ground out 3-1 (Groundball, 3)
Batting: RHB Orlando Padilla 0-0: Ball
1-0: Foul Ball, location: 2F
1-1: Ball
2-1: Ball
3-1: Swinging Strike
3-2: Foul Ball, location: 2F
3-2: Strikes out swinging
Top of the 2nd over - 0 run(s), 0 hit(s), 0 error(s), 0 left on base; Mt. Vernon 0 - Myrtle Beach 0
BOTTOM OF THE 2ND
Myrtle Beach Seahawks batting - Pitching for Mt. Vernon Bulls : RHP Pedro Poey
Batting: RHB Jim Unknown 0-0: Ball
1-0: Swinging Strike
1-1: Swinging Strike
1-2: Ball
2-2: Strikes out swinging
Batting: SHB Tony Ortíz 0-0: Called Strike
0-1: Ground out 5-3 (Groundball, 56)
Batting: RHB Manuel Díaz 0-0: Called Strike
0-1: Called Strike
0-2: Ball
1-2: Ball
2-2: Ball
3-2: SINGLE (Popup, 6D)
Batting: RHB Guillaume Colin 0-0: Called Strike
0-1: Ball
1-1: SINGLE (Line Drive, 4MD)
Manuel Díaz to second
Batting: RHB Jack Peck 0-0: Ball
1-0: SINGLE (Groundball, 56D)
Manuel Díaz to third
Guillaume Colin to second
Runner from 3rd tries for Home, SAFE, no throw or cutoff
Batting: SHB Jorge Barrios 0-0: Called Strike
0-1: Ball
1-1: Ground out 4-3 (Groundball, 4)
Bottom of the 2nd over - 1 run(s), 3 hit(s), 0 error(s), 2 left on base; Mt. Vernon 0 - Myrtle Beach 1
TOP OF THE 3RD
Mt. Vernon Bulls batting - Pitching for Myrtle Beach Seahawks : RHP Pat Thompson
Batting: LHB Miguel García 0-0: Ball
1-0: Called Strike
1-1: Ball
2-1: DOUBLE (Flyball, 78S)
Batting: RHB Martín Álvarez 0-0: Fly out, F8 (Flyball, 8LM)
Batting: RHB Joseph Gray 0-0: Ball
1-0: Ground out 6-3 (Groundball, 6)
Batting: RHB Albert Delgado 0-0: Ball
1-0: Ball
2-0: Fly out, F2 (Popup, 2LF)
Top of the 3rd over - 0 run(s), 1 hit(s), 0 error(s), 1 left on base; Mt. Vernon 0 - Myrtle Beach 1
BOTTOM OF THE 3RD
Myrtle Beach Seahawks batting - Pitching for Mt. Vernon Bulls : RHP Pedro Poey
Batting: RHB Fernando Pérez 0-0: Called Strike
0-1: Foul Ball, location: 2F
0-2: Strikes out swinging
Batting: RHB José Sosa 0-0: DOUBLE (Flyball, 7M)
Batting: LHB Jim Unknown 0-0: Ball
1-0: SINGLE (Line Drive, 4MD)
José Sosa to third
Runner from 3rd tries for Home, SAFE, throw made home
Jim Unknown to second
Batting: RHB Jim Unknown 0-0: Ball
1-0: Ball
2-0: SINGLE (Groundball, 56)
Jim Unknown to third
Runner from 3rd tries for Home, SAFE, throw made home
Jim Unknown to second
Batting: SHB Tony Ortíz 0-0: Called Strike
0-1: Called Strike
0-2: Ball
1-2: Fly out, F5 (Popup, 5F)
Batting: RHB Manuel Díaz 0-0: Ball
1-0: Ball
2-0: Ball
3-0: Base on Balls
Batting: RHB Guillaume Colin 0-0: Fly out, F9 (Flyball, 9M)
Bottom of the 3rd over - 2 run(s), 3 hit(s), 0 error(s), 2 left on base; Mt. Vernon 0 - Myrtle Beach 3
TOP OF THE 4TH
Mt. Vernon Bulls batting - Pitching for Myrtle Beach Seahawks : RHP Pat Thompson
Batting: LHB Yun Yen 0-0: Ball
1-0: Foul Ball, location: 2F
1-1: SINGLE (Groundball, 3D)
Batting: RHB Franklin Gestel 0-0: Called Strike
0-1: Ball
1-1: Ball
2-1: Foul Ball, location: 2F
2-2: Foul Ball, location: 2F
2-2: Ball
3-2: Strikes out swinging
Batting: LHB Enrique Sánchez 0-0: Grounds into double play, 6-4-3 (Groundball, 6)
Top of the 4th over - 0 run(s), 1 hit(s), 0 error(s), 0 left on base; Mt. Vernon 0 - Myrtle Beach 3
BOTTOM OF THE 4TH
Myrtle Beach Seahawks batting - Pitching for Mt. Vernon Bulls : RHP Pedro Poey
Batting: RHB Jack Peck 0-0: Foul Ball, location: 2F
0-1: Swinging Strike
0-2: Strikes out swinging
Batting: SHB Jorge Barrios 0-0: Ball
1-0: Ball
2-0: Ball
3-0: Base on Balls
Batting: RHB Fernando Pérez 0-0: Ball
1-0: Ball
2-0: Grounds into double play, 5-4-3 (Groundball, 56)
Bottom of the 4th over - 0 run(s), 0 hit(s), 0 error(s), 0 left on base; Mt. Vernon 0 - Myrtle Beach 3
TOP OF THE 5TH
Mt. Vernon Bulls batting - Pitching for Myrtle Beach Seahawks : RHP Pat Thompson
Batting: LHB Álex Ramírez 0-0: Ball
1-0: Swinging Strike
1-1: Ball
2-1: DOUBLE (Line Drive, 7LM)
Batting: RHB Orlando Padilla 0-0: Ball
1-0: Called Strike
1-1: Foul Ball, location: 2F
1-2: Ball
2-2: Fly out, F6 (Popup, 6MD)
Batting: LHB Miguel García 0-0: Ball
1-0: Foul Ball, location: 2F
1-1: Foul Ball, location: 2F
1-2: Ball
2-2: Foul Ball, location: 2F
2-2: Strikes out swinging
Batting: RHB Martín Álvarez 0-0: Called Strike
0-1: Swinging Strike
0-2: Ball
1-2: Strikes out swinging
Top of the 5th over - 0 run(s), 1 hit(s), 0 error(s), 1 left on base; Mt. Vernon 0 - Myrtle Beach 3
BOTTOM OF THE 5TH
Myrtle Beach Seahawks batting - Pitching for Mt. Vernon Bulls : RHP Pedro Poey
Batting: RHB José Sosa 0-0: Ground out 6-3 (Groundball, 6M)
Batting: LHB Jim Unknown 0-0: Ball
1-0: Ball
2-0: Fly out, F4 (Line Drive, 4)
Batting: RHB Jim Unknown 0-0: Ball
1-0: Ball
2-0: Called Strike
2-1: Foul Ball, location: 2F
2-2: Ground out 5-3 (Groundball, 56)
Bottom of the 5th over - 0 run(s), 0 hit(s), 0 error(s), 0 left on base; Mt. Vernon 0 - Myrtle Beach 3
TOP OF THE 6TH
Mt. Vernon Bulls batting - Pitching for Myrtle Beach Seahawks : RHP Pat Thompson
Batting: RHB Joseph Gray 0-0: Ball
1-0: Ball
2-0: SINGLE (Groundball, 6MD)
Batting: RHB Albert Delgado Balk!
Joseph Gray to second
0-0: Foul Ball, location: 2F
0-1: Swinging Strike
0-2: Ball
1-2: Ball
2-2: Strikes out swinging
Batting: LHB Yun Yen 0-0: Ground out 4-3 (Groundball, 4)
Joseph Gray to third
Batting: RHB Franklin Gestel 0-0: Called Strike
0-1: Ball
1-1: Foul Ball, location: 2F
1-2: Strikes out looking
Top of the 6th over - 0 run(s), 1 hit(s), 0 error(s), 1 left on base; Mt. Vernon 0 - Myrtle Beach 3
BOTTOM OF THE 6TH
Myrtle Beach Seahawks batting - Pitching for Mt. Vernon Bulls : RHP Pedro Poey
Batting: SHB Tony Ortíz 0-0: Ground out 4-3 (Groundball, 13)
Batting: RHB Manuel Díaz 0-0: DOUBLE (Line Drive, 7LS)
Batting: RHB Guillaume Colin 0-0: Called Strike
0-1: Ball
1-1: Ball
2-1: Foul Ball, location: 2F
2-2: Foul Ball, location: 2F
2-2: Ground out 6-3 (Groundball, 6)
Batting: RHB Jack Peck 0-0: Ball
1-0: Foul Ball, location: 2F
1-1: SINGLE (Line Drive, 56)
Manuel Díaz to third
Batting: SHB Jorge Barrios 0-0: Ball
1-0: Fly out, F9 (Flyball, 9LM)
Bottom of the 6th over - 0 run(s), 2 hit(s), 0 error(s), 2 left on base; Mt. Vernon 0 - Myrtle Beach 3
TOP OF THE 7TH
Mt. Vernon Bulls batting - Pitching for Myrtle Beach Seahawks : RHP Pat Thompson
Batting: LHB Enrique Sánchez 0-0: Ball
1-0: Swinging Strike
1-1: Ball
2-1: Foul Ball, location: 2F
2-2: Foul Ball, location: 2F
2-2: Ground out 4-3 (Groundball, 4)
Batting: LHB Álex Ramírez 0-0: Ball
1-0: Ball
2-0: Ground out 4-3 (Groundball, 4M)
Batting: RHB Orlando Padilla 0-0: Called Strike
0-1: Ball
1-1: DOUBLE (Line Drive, 7LD)
Batting: LHB Miguel García 0-0: Called Strike
0-1: SINGLE (Groundball, 4MD)
Orlando Padilla to third
Runner from 3rd tries for Home, SAFE, throw made home
Miguel García to second
Batting: RHB Martín Álvarez 0-0: Foul Ball, location: 2F
0-1: Ball
1-1: Fly out, F7 (Flyball, 78M)
Top of the 7th over - 1 run(s), 2 hit(s), 0 error(s), 1 left on base; Mt. Vernon 1 - Myrtle Beach 3
BOTTOM OF THE 7TH
Myrtle Beach Seahawks batting - Pitching for Mt. Vernon Bulls : RHP Pedro Poey
Batting: RHB Fernando Pérez 0-0: Called Strike
0-1: Ball
1-1: Fly out, F6 (Popup, 6D)
Batting: RHB José Sosa 0-0: Ground out U3 (Groundball, 3S)
Batting: LHB Jim Unknown 0-0: Foul Ball, location: 2F
0-1: Ball
1-1: Ball
2-1: Foul Ball, location: 2F
2-2: Foul Ball, location: 2F
2-2: Foul Ball, location: 2F
2-2: Foul Ball, location: 2F
2-2: Strikes out looking
Bottom of the 7th over - 0 run(s), 0 hit(s), 0 error(s), 0 left on base; Mt. Vernon 1 - Myrtle Beach 3
TOP OF THE 8TH
Mt. Vernon Bulls batting - Pitching for Myrtle Beach Seahawks : RHP Pat Thompson
Batting: RHB Joseph Gray 0-0: SINGLE (Groundball, 6MD)
Pitching: RHP Jim Unknown
Batting: RHB Albert Delgado 0-0: Fielders Choice at 2nd, 6-4 (Groundball, 6M)
Batting: LHB Yun Yen 0-0: Called Strike
0-1: Ball
1-1: Ball
2-1: SINGLE (Line Drive, 8RS)
Albert Delgado to second
Pinch Hitting: SHB Xavier Vásquez 0-0: Ball
1-0: Ball
2-0: Ball
3-0: Base on Balls
Albert Delgado to third
Yun Yen to second
Batting: LHB Enrique Sánchez 0-0: Ball
1-0: DOUBLE (Line Drive, 7LM)
Albert Delgado scores
Yun Yen scores
Xavier Vásquez to third
Pinch Hitting: LHB Jim Unknown 0-0: Ball
1-0: Ball
2-0: Ball
3-0: Called Strike
3-1: Called Strike
3-2: Base on Balls
Batting: RHB Orlando Padilla 0-0: Foul Ball, location: 2F
0-1: Ball
1-1: Ball
2-1: Called Strike
2-2: Foul Ball, location: 2F
2-2: Ball
3-2: Base on Balls
Xavier Vásquez scores
Enrique Sánchez to third
Jim Unknown to second
Pitching: RHP Claudio Álvarez
Batting: LHB Miguel García 0-0: Ball
1-0: Foul Ball, location: 2F
1-1: Ball
2-1: Fly out, F7 (Line Drive, 7S)
Pinch Hitting: RHB Alfredo Rivera 0-0: Called Strike
0-1: Ball
1-1: Ball
2-1: Swinging Strike
2-2: Ball
3-2: Base on Balls
Enrique Sánchez scores
Jim Unknown to third
Orlando Padilla to second
Batting: RHB Joseph Gray 0-0: Foul Ball, location: 2F
0-1: Ball
1-1: Fly out, F4 (Popup, 34D)
Top of the 8th over - 4 run(s), 3 hit(s), 0 error(s), 3 left on base; Mt. Vernon 5 - Myrtle Beach 3
BOTTOM OF THE 8TH
Myrtle Beach Seahawks batting - Pitching for Mt. Vernon Bulls : RHP Pedro Poey
Now at 2B: Jim Unknown
Now in CF: Habbo Allaart
Now in RF: Mike Peña
Batting: RHB Jim Unknown 0-0: SINGLE (Line Drive, 34D)
Batting: SHB Tony Ortíz 0-0: Ball
1-0: Called Strike
1-1: Ball
2-1: Ball
3-1: Base on Balls
Jim Unknown to second
Batting: RHB Manuel Díaz 0-0: Bunted foul
Balk!
Jim Unknown to third
Tony Ortíz to second
0-1: SINGLE (Line Drive, 6D)
Jim Unknown scores
Tony Ortíz to third
Batting: RHB Guillaume Colin 0-0: Ball
1-0: Ball
2-0: Ball
3-0: Called Strike
3-1: Base on Balls
Manuel Díaz to second
Batting: RHB Jack Peck 0-0: Ball
1-0: Ball
2-0: Fly out, F9 (Flyball, 9M)
Runner from 3rd tags up, SCORES, no throw
Pitching: LHP Stanton Miranda
Pinch Hitting: RHB Dionísio Prudente 0-0: Ball
1-0: Grounds into double play, U4-3 (Groundball, 4)
Bottom of the 8th over - 2 run(s), 2 hit(s), 0 error(s), 1 left on base; Mt. Vernon 5 - Myrtle Beach 5
TOP OF THE 9TH
Mt. Vernon Bulls batting - Pitching for Myrtle Beach Seahawks : RHP Claudio Álvarez
Pitching: RHP Daniel Rodríguez
Now at 1B: Jim Unknown
Batting: RHB Albert Delgado 0-0: Called Strike
0-1: Ball
1-1: SINGLE (Groundball, 5D)
Batting: LHB Yun Yen 0-0: Ball
1-0: Called Strike
1-1: Swinging Strike
1-2: Ball
2-2: Hit by Pitch
Albert Delgado to second
Batting: RHB Habbo Allaart 0-0: Ball
1-0: Foul Ball, location: 2F
1-1: Fly out, F9 (Flyball, 89M)
Runner from 2nd tags up, OUT at 3rd
Batting: LHB Enrique Sánchez 0-0: Called Strike
0-1: Ball
1-1: Ground out 3-1 (Groundball, 3)
Top of the 9th over - 0 run(s), 1 hit(s), 0 error(s), 1 left on base; Mt. Vernon 5 - Myrtle Beach 5
BOTTOM OF THE 9TH
Myrtle Beach Seahawks batting - Pitching for Mt. Vernon Bulls : LHP Stanton Miranda
Batting: RHB Fernando Pérez 0-0: Ball
1-0: Called Strike
1-1: Ball
2-1: Foul Ball, location: 2F
2-2: Foul Ball, location: 2F
2-2: Ground out 5-3 (Groundball, 56)
Batting: RHB José Sosa 0-0: Swinging Strike
0-1: Foul Ball, location: 2F
0-2: Foul Ball, location: 2F
0-2: Ball
1-2: Strikes out swinging
Batting: LHB Jim Unknown 0-0: Ball
1-0: Called Strike
1-1: Called Strike
1-2: Ball
2-2: Foul Ball, location: 2F
2-2: Strikes out swinging
Bottom of the 9th over - 0 run(s), 0 hit(s), 0 error(s), 0 left on base; Mt. Vernon 5 - Myrtle Beach 5
TOP OF THE 10TH
Mt. Vernon Bulls batting - Pitching for Myrtle Beach Seahawks : RHP Daniel Rodríguez
Batting: LHB Jim Unknown 0-0: Swinging Strike
0-1: Called Strike
0-2: Strikes out swinging
Batting: RHB Orlando Padilla 0-0: Ball
1-0: Swinging Strike
1-1: Ball
2-1: Ball
3-1: Swinging Strike
3-2: Strikes out swinging
Batting: LHB Miguel García 0-0: Called Strike
0-1: Ball
1-1: Ground out 4-3 (Groundball, 34)
Top of the 10th over - 0 run(s), 0 hit(s), 0 error(s), 0 left on base; Mt. Vernon 5 - Myrtle Beach 5
BOTTOM OF THE 10TH
Myrtle Beach Seahawks batting - Pitching for Mt. Vernon Bulls : LHP Stanton Miranda
Batting: RHB Jim Unknown 0-0: SINGLE (Groundball, 3L)
Batting: SHB Tony Ortíz 0-0: Called Strike
0-1: Ball
1-1: Swinging Strike
1-2: Strikes out swinging
Batting: RHB Manuel Díaz 0-0: Called Strike
0-1: Ball
1-1: Ball
2-1: Ball
3-1: Swinging Strike
3-2: Strikes out swinging
Batting: RHB Guillaume Colin 0-0: Ball
1-0: Called Strike
1-1: Ball
Jim Unknown steals 2nd base
2-1: Called Strike
2-2: Strikes out swinging
Bottom of the 10th over - 0 run(s), 1 hit(s), 0 error(s), 1 left on base; Mt. Vernon 5 - Myrtle Beach 5
TOP OF THE 11TH
Mt. Vernon Bulls batting - Pitching for Myrtle Beach Seahawks : RHP Daniel Rodríguez
Batting: SHB Mike Peña 0-0: Foul Ball, location: 2F
0-1: Swinging Strike
0-2: Foul Ball, location: 2F
0-2: Strikes out swinging
Batting: RHB Joseph Gray 0-0: Ball
1-0: Ball
2-0: Called Strike
2-1: Called Strike
2-2: Strikes out swinging
Batting: RHB Albert Delgado 0-0: Called Strike
0-1: Swinging Strike
0-2: Foul Ball, location: 2F
0-2: SINGLE (Line Drive, 56)
Batting: LHB Yun Yen 0-0: Ball
1-0: Ball
2-0: Ball
3-0: Called Strike
3-1: Foul Ball, location: 2F
3-2: SINGLE (Groundball, 34)
Albert Delgado to second
Albert Delgado to third
Batting: RHB Habbo Allaart 0-0: Swinging Strike
0-1: Ball
1-1: DOUBLE (Line Drive, 8LM)
Albert Delgado scores
Yun Yen to third
Runner from 3rd tries for Home, SAFE, throw made at trailing runner, SAFE at third!
Batting: LHB Enrique Sánchez 0-0: Called Strike
0-1: Ball
1-1: Fly out, F2 (Popup, 2LF)
Top of the 11th over - 2 run(s), 3 hit(s), 0 error(s), 1 left on base; Mt. Vernon 7 - Myrtle Beach 5
BOTTOM OF THE 11TH
Myrtle Beach Seahawks batting - Pitching for Mt. Vernon Bulls : LHP Stanton Miranda
Pitching: RHP Adam Green
Batting: RHB Jack Peck 0-0: Ball
1-0: Ball
2-0: Foul Ball, location: 2F
2-1: Foul Ball, location: 2F
2-2: Foul Ball, location: 2F
2-2: Foul Ball, location: 2F
2-2: Strikes out swinging
Batting: SHB Jim Unknown 0-0: Ground out 6-3 (Groundball, 6M)
Batting: RHB Fernando Pérez 0-0: Fly out, F8 (Flyball, 89D)
Bottom of the 11th over - 0 run(s), 0 hit(s), 0 error(s), 0 left on base; Mt. Vernon 7 - Myrtle Beach 5
This league is powered by Out of the Park Baseball, the baseball management simulation game for PC, Mac and Linux
Friday, January 22nd, 2016 - OOTP Baseball 16.9 Build 39